 Dungeon Crawl Stone Soup version 0.30.1-11-g7821555f0a (webtiles) character file.

Game seed: 4185051990636862335

1106 jagang the Trooper (level 8, -1/64 HPs)
             Began as a Human Monk on Dec 29, 2023.
             Slain by an iguana (12 damage)
             ... on level 5 of the Dungeon.
             The game lasted 00:10:34 (4226 turns).

jagang the Trooper (Human Monk)                     Turns: 4226, Time: 00:10:34

Health: -1/64      AC:  8    Str: 18    XL:     8   Next: 58%
Magic:  8/8        EV: 11    Int: 11    God:
Gold:   52         SH:  0    Dex: 17    Spells: 7/7 levels left

rFire   . . .        l - +0 long sword
rCold   . . .        d - orb {light}
rNeg    . . .        C - +0 scale mail
rPois   .            y - +0 helmet
rElec   .            (no cloak)
rCorr   +            (no gloves)
SInv    .            (no boots)
Will    .....        (no amulet) Stlth
                     e - +6 ring of strength
HPRegen 0.30/turn    p - ring of resist corrosion
MPRegen 0.11/turn

%: no passive effects
@: glowing
A: no striking features
a: no special abilities


You were on level 5 of the Dungeon.
You visited 1 branch of the dungeon, and saw 5 of its levels.

You collected 282 gold pieces.
You spent 230 gold pieces at shops.

Inventory:

Hand Weapons
 k - a +0 great sword
 l - a +0 long sword (weapon)
Missiles
 n - 5 poisoned darts
 u - 2 atropa-tipped darts (quivered)
 B - 3 boomerangs
Armour
 d - an orb of light (worn)
 y - a +0 helmet (worn)
 C - a +0 scale mail (worn)
Jewellery
 e - a +6 ring of strength (left hand)
 p - a ring of resist corrosion (right hand)
 v - a +6 ring of strength
Wands
 b - a wand of paralysis (10)
 h - a wand of acid (7)
 o - a wand of polymorph (3)
Scrolls
 f - 4 scrolls of enchant weapon
 g - 8 scrolls of teleportation
 i - 3 scrolls of enchant armour
 j - 2 scrolls of fog
 r - a scroll of noise
 t - 3 scrolls of immolation {unknown}
 x - a scroll of amnesia
 D - a scroll of blinking {unknown}
 F - a scroll of identify
Potions
 a - a potion of invisibility {unknown}
 c - a potion of ambrosia
 m - 2 potions of lignification
 q - a potion of magic {unknown}
 s - 4 potions of curing
 w - a potion of attraction {unknown}
 z - a potion of flight
 A - a potion of mutation {unknown}


   Skills:
 + Level 6.2 Fighting
 + Level 6.2 Long Blades
 + Level 5.2 Armour
 - Level 3.0 Dodging


You had 7 spell levels left.
You didn't know any spells.
Your spell library contained the following spells:

 Spells                   Type           Power      Damage    Failure   Level
 Freeze                   Ice            0%         1d3       71%         1
 Frozen Ramparts          Ice            0%         1d1       97%         3
 Hailstorm                Conj/Ice       0%         3d3       97%         3


Dungeon Overview and Level Annotations

Branches:
Dungeon (5/15)
 Temple: D:4-7

Altars:
Sif Muna
Uskayaw

Shops:
D:4 !*(


Message History

You hit the gnoll sergeant but do no damage.
The gnoll sergeant is heavily wounded.
The gnoll sergeant hits you with a +0 trident!
* * * LOW HITPOINT WARNING * * *
You hit the gnoll sergeant.
The gnoll sergeant is severely wounded.
The gnoll sergeant closely misses you.
The gnoll sergeant hits you with a +0 trident!
* * * LOW HITPOINT WARNING * * *
You completely miss the gnoll sergeant.
The gnoll sergeant is severely wounded.
The gnoll sergeant hits you with a +0 trident.
* * * LOW HITPOINT WARNING * * *
You hit the gnoll sergeant.
The gnoll sergeant is severely wounded.
The gnoll sergeant hits you but does no damage.
You hit the gnoll sergeant.
The gnoll sergeant is severely wounded.
The gnoll sergeant barely misses you.
You hit the gnoll sergeant.
The gnoll sergeant is severely wounded.
The gnoll sergeant misses you.
You hit the gnoll sergeant.
The gnoll sergeant is almost dead.
The gnoll sergeant barely misses you.
You slash the gnoll sergeant!
You kill the gnoll sergeant!
You hit the iguana.
The iguana is moderately wounded.
The iguana barely misses you.
You hit the iguana.
The iguana is heavily wounded.
The iguana barely misses you.
You barely miss the iguana.
The iguana is heavily wounded.
The iguana bites you but does no damage.
You hit the iguana.
The iguana is severely wounded.
The iguana bites you!
You die...

...#...#....'#)### ####
...#...#....##...##+#..##
##'##..##..##.....##...!#
....#..##'##.......#...[#
....'.##..##...8..(##..#
....###....#(.....)##'#
......'....##.....##..##
......##..#+##...##g...#
.......####..###@#'l)..#
####.....#....##.l##†.##
...#.....#...)'....####
...#.....##..##....#
...#......######..##
...####+#.....#####
...##...'.....#
....#...#.........
....#...##########


You could see an iguana.

Vanquished Creatures
  Sigmund (D:2)
  A water moccasin (D:5)
  2 ogres (D:5)
  A phantom (D:5)
  A gnoll sergeant (D:5)
  3 howler monkeys (D:4)
  3 orc priests
  3 hounds
  An iguana (D:4)
  Robin (D:3)
  4 gnolls (D:4)
  6 adders
  2 white imps (D:5)
  An ufetubus (D:5)
  A worm (D:3)
  A dart slug (D:5)
  10 orcs
  3 bats
  3 endoplasms
  7 giant cockroaches
  16 goblins
  11 hobgoblins
  5 kobolds
  3 quokkas
  4 ball pythons
  6 frilled lizards
  3 rats (D:1)
103 creatures vanquished.

Notes
Turn   | Place    | Note
-------+----------+-------------------------------------------
     0 | D:1      | jagang the Human Monk began the quest for the Orb.
     0 | D:1      | Reached XP level 1. HP: 18/18 MP: 1/1
   302 | D:1      | Reached XP level 2. HP: 13/24 MP: 2/2
   604 | D:1      | Reached skill level 1 in Armour
   981 | D:2      | Reached XP level 3. HP: 29/29 MP: 3/3
  1168 | D:2      | Noticed Sigmund
  1278 | D:2      | Killed Sigmund
  1279 | D:2      | Reached XP level 4. HP: 25/37 MP: 4/4
  1279 | D:2      | Reached XP level 5. HP: 28/42 MP: 5/5
  1281 | D:2      | Reached XP level 6. HP: 33/48 MP: 6/6
  1899 | D:3      | Found a shimmering blue altar of Sif Muna.
  2233 | D:3      | Noticed Robin
  2273 | D:3      | Killed Robin
  2622 | D:4      | Found Walif's General Store.
  2626 | D:4      | Bought a scroll of identify for 24 gold pieces
  2626 | D:4      | Bought a scroll of identify for 24 gold pieces
  2626 | D:4      | Bought a potion of flight for 36 gold pieces
  2626 | D:4      | Bought a potion of lignification for 36 gold pieces
  2774 | D:4      | Found Wohopnuu's Weapon Boutique.
  2792 | D:4      | Reached XP level 7. HP: 52/55 MP: 7/7
  2837 | D:4      | Reached skill level 5 in Fighting
  2837 | D:4      | Reached skill level 5 in Long Blades
  3058 | D:4      | Found Kistoech's Distillery.
  3062 | D:4      | Bought a potion of curing for 33 gold pieces
  3062 | D:4      | Bought a potion of heal wounds for 55 gold pieces
  3062 | D:4      | Bought 2 potions of degeneration for 22 gold pieces
  3339 | D:5      | Entered Level 5 of the Dungeon
  3340 | D:5      | Noticed a +0 short sword
  3340 | D:5      | Noticed a +0 dagger
  3340 | D:5      | Noticed a +0 short sword
  3341 | D:5      | Noticed a +0 spear
  3341 | D:5      | Noticed a +0 spear
  3341 | D:5      | Noticed a +0 falchion
  3342 | D:5      | Noticed a +0 dagger
  3342 | D:5      | Noticed a +0 falchion
  3344 | D:5      | Found a hide-covered altar of Uskayaw.
  3687 | D:5      | Reached XP level 8. HP: 18/64 MP: 8/8
  4205 | D:5      | Reached skill level 5 in Armour
  4226 | D:5      | Slain by an iguana

Illustrated notes

Levels and vault maps discovered:
D:1:      wheals_arrival_linesprint, layout_loops_ring,
          minmay_stone_trees_small, st_stairs_11, kennysheep_doodads,
          minmay_liquid_box
D:2:      layout_loops_cross, roderic_cross_of_infinity, uniq_sigmund
D:3:      layout_basic, mainiacjoe_overflow_tiny_flanked, uniq_robin
D:4:      layout_loops_ring, serial_shops, nicolae_shop_pleasant_corner_grove,
          shop, shop_fountains, minmay_close_crescents
D:5:      minmay_bubble_buster, layout_gridville, nicolae_uskayaw_en_pointe,
          uniq_blork_the_orc

Skill      XL: |  1  2  3  4  5  6  7  8 |
---------------+-------------------------+-----
Armour         | 1 2 3 4 5 |  5.2
Fighting       | 4 5 6 |  6.2
Long Blades    | 4 5 6 |  6.2
Dodging        | |  3.0

Action                     |  1- 3 |  4- 6 |  7- 9 || total
---------------------------+-------+-------+-------++-------
  Melee: Falchion          |    42 |       |       ||    42
         Long sword        |    12 |    98 |   150 ||   260
         Unarmed           |    10 |     2 |       ||    12
    Use: Scroll            |       |     5 |     1 ||     6
         Potion            |       |     1 |     1 ||     2
 Armour: Robe              |     3 |       |       ||     3
         Leather armour    |     9 |    19 |       ||    28
         Skin              |     2 |       |       ||     2
         Ring mail         |       |    16 |     6 ||    22
         Scale mail        |       |       |    44 ||    44
  Dodge: Dodged            |    57 |    88 |   106 ||   251
